 Dungeon Crawl Stone Soup version 0.31-a0-702-gf82c85558f (webtiles) character file.

Game seed: 3252641051462051650

143 qw the Shooter (level 5, -3/32 HPs)
             Began as a Gargoyle Hunter on Sept 8, 2023.
             Killed from afar by an orc wizard (4 damage)
             ... with a magic dart
             ... on level 4 of the Dungeon.
             The game lasted 00:00:53 (2182 turns).

qw the Shooter (Gargoyle Hunter)                    Turns: 2182, Time: 00:00:54

Health: -3/32      AC:  9    Str: 14    XL:     5   Next: 25%
Magic:  5/5        EV: 11    Int: 10    God:
Gold:   200        SH:  0    Dex: 15    Spells: 4/4 levels left

rFire   . . .        Y - +1 shortbow
rCold   . . .        (shield currently unavailable)
rNeg    + . .        e - +0 ring mail
rPois   inf          (no helmet)
rElec   +            (no cloak)
rCorr   .            (no gloves)
SInv    .            (no boots)
Will    .....        (no amulet) Stlth
                     (no ring)
HPRegen 0.25/turn    (no ring)
MPRegen 0.09/turn

%: no passive effects
@: confused
A: sickness immunity, AC +4, negative energy resistance 1, electricity
resistance, torment resistance 1, petrification resistance
a: no special abilities


You were on level 4 of the Dungeon.
You visited 1 branch of the dungeon, and saw 4 of its levels.

You collected 200 gold pieces.


Innate Abilities, Weirdness & Mutations

You are immune to sickness and miasma.
Your stone body is resilient. (AC +4)
You are immune to poison.
You resist negative energy. (rN+)
You are resistant to electric shocks. (rElec)
You are resistant to unholy torment.
You are immune to petrification.


   Skills:
 - Level 3.0 Fighting
 + Level 5.7 Ranged Weapons
 - Level 1.8 Armour
 - Level 1.5 Dodging
 - Level 1.1 Stealth


You had 4 spell levels left.
You didn't know any spells.
Your spell library was empty.

Inventory:

Hand Weapons
 Y - a +1 shortbow (weapon)
Armour
 e - a +0 ring mail (worn)
Jewellery
 a - the ring of Cuifiogo {rPois Str+6 Int-3 Dex+6}
   (You found it on level 4 of the Dungeon)

   [ring of strength]

   Str+6:     It affects your strength (+6).
   Int-3:     It affects your intelligence (-3).
   Dex+6:     It affects your dexterity (+6).
   rPois:     It protects you from poison
Scrolls
 b - a scroll of identify
 c - a scroll of teleportation {unknown}
Potions
 f - a potion of ambrosia {unknown}
 j - a potion of lignification {unknown}

Dungeon Overview and Level Annotations

Branches:
Dungeon (4/15)
 Temple: D:4-7

Altars:
The Shining One

Shops:
D:1 :=


Message History

Something hits you.
A magic dart appears from out of thin air!
The magic dart hits you.
The orc wizard hits you with a +0 dagger.
Something hits you but does no damage.
You hear some strange, mumbled words.
You are more confused.
The orc wizard mumbles some strange words.
The orc wizard flickers and vanishes!
Something hits you but does no damage. Something hits you but does no damage.
You hear some strange, mumbled words.
A magic dart appears from out of thin air!
The magic dart hits you.
Something hits you but does no damage. x3
Something hits you but does no damage.
You hear some strange, mumbled words.
A magic dart appears from out of thin air!
The magic dart hits you. Something hits you but does no damage.
Something hits you but does no damage. Something hits you.
Something hits you but does no damage. Something hits you but does no damage.
You hear some strange, mumbled words.
A puff of flame appears from out of thin air!
The puff of flame hits you! Something hits you but does no damage.
Something hits you. Something hits you but does no damage.
The orc priest invokes the aid of Beogh against you.
Something writhes in agony.
Something hits you.
Something hits you but does no damage. x2
The orc priest invokes the aid of Beogh against you.
Something writhes in agony!
Something hits you but does no damage. Something hits you. x2
You hear some strange, mumbled words.
Something tries to affect you, but you resist.
You hear some strange, mumbled words.
A puff of flame appears from out of thin air!
The puff of flame hits you. Something hits you but does no damage.
You hear some strange, mumbled words.
A magic dart appears from out of thin air!
The magic dart hits you.
You die...

##..##
#..## #..#
##.# #.#
#.# ##.#
#..# #..#
#@{# #{{#
#o.#
?.o......#
..........#
o........##
...o..#.##
....#####
...#


You could see an orc priest.

Vanquished Creatures
  A hound (D:3)
  3 gnolls (D:4)
  An adder (D:3)
  2 worms
  A dart slug (D:1)
  5 orcs (D:3)
  3 ball pythons
  6 bats
  8 endoplasms
  3 giant cockroaches
  6 goblins
  4 hobgoblins
  4 jackals (D:2)
  A quokka (D:3)
  5 kobolds
  2 rats
55 creatures vanquished.

Notes
Turn   | Place    | Note
-------+----------+-------------------------------------------
     0 | D:1      | qw the Gargoyle Hunter began the quest for the Orb.
     0 | D:1      | Reached XP level 1. HP: 12/12 MP: 1/1
     0 | D:1      | 0 ||| qw: Version: 0.3-a-76-g4403597
     0 | D:1      | 0 ||| qw: Game counter: 950
     0 | D:1      | 0 ||| qw: Melee chars always use a shield: true
     0 | D:1      | 0 ||| qw: God list: Okawaru
     0 | D:1      | 0 ||| qw: Allow faded altars: false
     0 | D:1      | 0 ||| qw: Do Orc after clearing Dungeon:15 true
     0 | D:1      | 0 ||| qw: Do second Lair branch before Depths: true
     0 | D:1      | 0 ||| qw: Lair rune preference: random
     0 | D:1      | 0 ||| qw: Goals: Normal
     0 | D:1      | 0 ||| PLANNING D:1-11
    19 | D:1      | Found Imonwud's Jewellery Boutique.
    26 | D:1      | 26 ||| SHOPLISTING +6 ring of strength (432 gold, have 0).
    26 | D:1      | 26 ||| SHOPLISTING amulet of reflection (360 gold, have 0).
    26 | D:1      | 26 ||| SHOPLISTING amulet of the acrobat (360 gold, have
                  | 0).
    26 | D:1      | 26 ||| SHOPLISTING brooch of Shielding {Spirit SH+8} (780
                  | gold, have 0).
    26 | D:1      | 26 ||| SHOPLISTING ring of fire (300 gold, have 0).
    26 | D:1      | 26 ||| SHOPLISTING ring of protection from fire (300 gold,
                  | have 0).
    26 | D:1      | 26 ||| SHOPLISTING ring of see invisible (180 gold, have
                  | 0).
    94 | D:1      | Reached XP level 2. HP: 9/17 MP: 2/2
   153 | D:1      | Found Kax Yrcha's Vocational Training.
   350 | D:1      | Reached XP level 3. HP: 15/21 MP: 3/3
   486 | D:1      | 486 ||| DROPPING ring of wizardry.
   487 | D:1      | 487 ||| READING scroll labelled CIOWOTU GAWE.
   488 | D:1      | 488 ||| READING scroll labelled ONOACE DIMOKUCK.
   489 | D:1      | 489 ||| READING scroll labelled HAURAU URER.
   490 | D:1      | 490 ||| DROPPING scroll of butterflies.
   563 | D:2      | Reached skill level 5 in Ranged Weapons
   735 | D:2      | Found a faded altar of an unknown god.
  1289 | D:2      | 1289 ||| DROPPING +6 ring of intelligence.
  1386 | D:3      | Reached skill level 3 in Fighting
  1444 | D:3      | Found a glowing golden altar of the Shining One.
  1474 | D:3      | Reached XP level 4. HP: 28/28 MP: 4/4
  1673 | D:3      | 1673 ||| UPGRADING to +0 ring mail.
  1683 | D:3      | 1683 ||| DROPPING +0 leather armour.
  1684 | D:3      | 1684 ||| READING scroll labelled BADWOR NEYCA.
  1685 | D:3      | 1685 ||| READING scroll labelled JIDAOR FELARE.
  1686 | D:3      | 1686 ||| DRINKING 2 sedimented red potions.
  1687 | D:3      | 1687 ||| READING 2 scrolls of identify.
  1687 | D:3      | 1687 ||| IDENTIFYING dark potion
  1688 | D:3      | 1688 ||| DROPPING potion of attraction.
  1712 | D:4      | 1712 ||| STAIRDANCE
  1724 | D:3      | Reached skill level 1 in Armour
  1870 | D:4      | 1870 ||| RETREATING.
  1881 | D:4      | Reached XP level 5. HP: 30/32 MP: 5/5
  1943 | D:4      | Identified the ring of Cuifiogo {rPois Str+6 Int-3 Dex+6}
  2162 | D:4      | 2162 ||| RETREATING.
  2166 | D:4      | 2166 ||| DRINKING potion of curing.
  2166 | D:4      | 2166 ||| (to cure confusion)
  2167 | D:4      | 2167 ||| Stepping ~*~*~tactically~*~*~ (retreating).
  2179 | D:4      | HP: 8/32 [something (2)]
  2181 | D:4      | HP: 3/32 [something (3)]
  2182 | D:4      | HP: 1/32 [something/puff of flame (2)]
  2182 | D:4      | Killed from afar by an orc wizard

Levels and vault maps discovered:
D:1:      spicycebolla_arrival_clurvy, layout_rooms, serial_shops, shop,
          nicolae_shop_vocational
D:2:      layout_basic, hellmonk_ecumenical_altar_arch_garden
D:3:      layout_rooms, tso_altar
D:4:      layout_cave_pods, kennysheep_vampire_church, kennysheep_generic_room_9

Skill      XL: |  1  2  3  4 |
---------------+-------------+-----
Ranged Weapons | 5 |  5.7
Fighting       | 3 |  3.0
Armour         | 1 |  1.8
Dodging        | |  1.5
Stealth        | |  1.1

Action                     |  1- 3 |  4- 6 || total
---------------------------+-------+-------++-------
   Fire: Shortbow          |   141 |    50 ||   191
    Use: Scroll            |     3 |     3 ||     6
         Potion            |       |     2 ||     2
 Armour: Leather armour    |    40 |       ||    40
         Ring mail         |       |    55 ||    55
  Dodge: Dodged            |    29 |    12 ||    41

Table legend:
 A = Non-vault XP
 B = Vault XP
 C = Vault XP percentage of total XP
 D = Non-vault monster count
 E = Vault monster count
 F = Vault count percentage of total count
                 A         B        C        D         E       F
            +---------+---------+-------+---------+---------+-------
      Total |     205 |       0 |   0.0 |      55 |       0 |   0.0
            +---------+---------+-------+---------+---------+-------
        D:1 |      38 |       0 |   0.0 |      20 |       0 |   0.0
        D:2 |      26 |       0 |   0.0 |      12 |       0 |   0.0
        D:3 |      92 |       0 |   0.0 |      17 |       0 |   0.0
        D:4 |      49 |       0 |   0.0 |       6 |       0 |   0.0
            +---------+---------+-------+---------+---------+-------
